 Dungeon Crawl Stone Soup version 0.30.0-13-g156ef70053 (webtiles) character file.

Game seed: 4794246506674420423

332 sampeng1 the Covered (level 6, -3/49 HPs)
             Began as a Human Fighter on May 17, 2023.
             Was an Initiate of the Shining One.
             Slain by Edmund
             ... wielding a +2 flail of holy wrath
              (8 damage)
             ... on level 4 of the Dungeon on May 18, 2023.
             The game lasted 00:14:10 (3031 turns).

sampeng1 the Covered (Human Fighter)                Turns: 3031, Time: 00:14:11

Health: -3/49      AC: 15    Str: 18    XL:     6   Next: 82%
Magic:  6/6        EV:  5    Int:  9    God:    the Shining One [......]
Gold:   74         SH:  5    Dex: 12    Spells: 5/5 levels left

rFire   . . .        a - +0 war axe
rCold   . . .        c - +0 buckler
rNeg    . . .        n - +1 plate armour
rPois   +            (no helmet)
rElec   .            d - +0 cloak
rCorr   .            m - +0 pair of gloves
SInv    .            (no boots)
Will    .....        (no amulet) Stlth
                     i - ring of poison resistance
HPRegen 0.28/turn    (no ring)
MPRegen 0.10/turn

%: no passive effects
@: glowing
A: no striking features
a: Renounce Religion


You were on level 4 of the Dungeon.
You worshipped the Shining One.
The Shining One was noncommittal.
You visited 2 branches of the dungeon, and saw 5 of its levels.

You collected 171 gold pieces.
You spent 97 gold pieces at shops.

Inventory:

Hand Weapons
 a - a +0 war axe (weapon)
Missiles
 g - 5 javelins (quivered)
Armour
 c - a +0 buckler (worn)
 d - a +0 cloak (worn)
 h - a +0 chain mail
 l - a +2 ring mail of positive energy
 m - a +0 pair of gloves (worn)
 n - a +1 plate armour (worn)
Jewellery
 i - a ring of poison resistance (left hand)
Wands
 j - a wand of roots (3)
 k - a wand of paralysis (4)
Potions
 b - a potion of cancellation
 e - a potion of might
 f - 3 potions of attraction
 o - 3 potions of brilliance
 p - a potion of curing


   Skills:
 + Level 4.3 Fighting
 + Level 3.7 Axes
 + Level 4.4 Armour
 + Level 4.3 Shields


You had 5 spell levels left.
You didn't know any spells.
Your spell library contained the following spells:

 Spells                   Type           Power      Damage    Failure   Level
 Sandblast                Erth           0%         2d4       100%        1
 Passwall                 Tmut/Erth      0%         N/A       100%        2
 Sublimation of Blood     Necr           0%         N/A       100%        2
 Ozocubu's Armour         Ice            0%         N/A       100%        3
 Stone Arrow              Conj/Erth      0%         3d7       100%        3
 Petrify                  Tmut/Erth      0%         N/A       100%        4
 Irradiate                Conj/Tmut      0%         3d11      100%        5
 Metabolic Englaciation   Hex/Ice        0%         N/A       100%        5
 Simulacrum               Ice/Necr       0%         N/A       100%        6


Dungeon Overview and Level Annotations

Branches:
Dungeon (4/15)             Temple (1/1) D:4

Altars:
Dithmenos
Elyvilon
Gozag
Makhleb
Qazlal
Ru
The Shining One

Shops:
D:4 *

Annotations:
D:4 Edmund


Message History

You hit Edmund.
Edmund is moderately wounded.
Edmund hits you but does no damage.
You slash Edmund!
Edmund is severely wounded.
Edmund hits you with a +2 flail of holy wrath.
You barely miss Edmund.
Edmund is severely wounded.
Edmund barely misses you. You block Edmund's attack.
You hit Edmund.
Edmund is severely wounded.
You block Edmund's attack.
You hit Edmund.
Edmund is severely wounded.
Edmund hits you with a +2 flail of holy wrath.
You hit Edmund.
Edmund is almost dead.
Edmund hits you with a +2 flail of holy wrath.
Edmund completely misses you.
You hit Edmund but do no damage.
Edmund is almost dead.
Edmund hits you with a +2 flail of holy wrath!
You hit Edmund but do no damage.
Edmund is almost dead.
Edmund hits you with a +2 flail of holy wrath.
* * * LOW HITPOINT WARNING * * *
You block Edmund's attack.
You hit Edmund but do no damage.
Edmund is almost dead.
Edmund hits you with a +2 flail of holy wrath!
* * * LOW HITPOINT WARNING * * *
You barely miss Edmund.
Edmund is almost dead.
Edmund hits you but does no damage.
You slash Edmund!
Edmund is almost dead.
Edmund hits you with a +2 flail of holy wrath.
* * * LOW HITPOINT WARNING * * *
Edmund hits you with a +2 flail of holy wrath!
You die...

.... ?... #...
#..# #####..#
#
......###.###
#..@.......
#..@.##
####.....#.# #
#..........#
#.#.##.#.#####
...........#
....#...#.##
###..#.#...#
#...∩....#
#..#.#...#


You could see Edmund.

Vanquished Creatures
  Sigmund (D:3)
  An orc priest (D:3)
  Crazy Yiuf (D:3)
  A sleepcap (D:4)
  Jessica (D:3)
  2 adders
  2 worms (D:2)
  3 dart slugs
  5 orcs
  4 bats
  5 endoplasms
  4 giant cockroaches
  5 goblins
  A hobgoblin (D:1)
  4 jackals (D:1)
  A quokka (D:1)
  4 ball pythons
  2 kobolds
  A rat (D:1)
48 creatures vanquished.

Notes
Turn   | Place    | Note
-------+----------+-------------------------------------------
     0 | D:1      | sampeng1 the Human Fighter began the quest for the Orb.
     0 | D:1      | Reached XP level 1. HP: 18/18 MP: 1/1
   120 | D:1      | Reached XP level 2. HP: 24/24 MP: 2/2
   460 | D:1      | Reached XP level 3. HP: 24/29 MP: 3/3
  1097 | D:2      | Reached XP level 4. HP: 35/35 MP: 4/4
  1476 | D:3      | Noticed Jessica
  1483 | D:3      | Killed Jessica
  1495 | D:3      | HP: 1/35 [orc/+0 short sword (2)]
  1497 | D:3      | Reached XP level 5. HP: 2/42 MP: 5/5
  1618 | D:3      | Found a runed translucent door.
  1619 | D:3      | Noticed Crazy Yiuf
  1629 | D:3      | Killed Crazy Yiuf
  1774 | D:3      | Noticed Sigmund
  1801 | D:3      | HP: 2/42 [something (7)]
  1802 | D:3      | Killed Sigmund
  1803 | D:3      | Reached XP level 6. HP: 3/48 MP: 6/6
  2219 | D:3      | Found a burning altar of Makhleb.
  2602 | D:4      | Upgraded the game from 0.30.0-11-gf55b779eaf to
                  | 0.30.0-13-g156ef70053
  2656 | D:4      | Found a staircase to the Ecumenical Temple.
  2676 | Temple   | Entered the Ecumenical Temple
  2905 | Temple   | Became a worshipper of the Shining One
  2924 | D:4      | Found Gougyluo's Antique Weapon Shop.
  2992 | D:4      | Found Xeiffax's General Store.
  2998 | D:4      | Bought a +0 pair of gloves for 58 gold pieces
  2998 | D:4      | Bought a potion of curing for 39 gold pieces
  3008 | D:4      | Noticed Edmund
  3031 | D:4      | Slain by Edmund

Illustrated notes

Levels and vault maps discovered:
D:1:      nicolae_arrival_memento_mori, layout_loops_ring
D:2:      layout_basic, lightli_corner_chamber
D:3:      layout_loops_ring, amcnicky_altar_gilded, uniq_crazy_yiuf_cottage,
          uniq_jessica, uniq_sigmund
D:4:      layout_loops_corners, nzn_wu_jian_contemplation, lemuel_crystal_altar,
          minmay_temple_entry_offerings, serial_shops,
          nicolae_shop_hallway_plus, shop, nicolae_shop_advertising_works
          [nicolae_subvault_shop_adworks], uniq_edmund
Temple:   hellmonk_temple_flake

Skill      XL: |  1  2  3  4  5 |
---------------+----------------+-----
Axes           | 3 |  3.7
Fighting       | 4 |  4.3
Armour         | 4 |  4.4
Shields        | 4 |  4.3

Action                     |  1- 3 |  4- 6 || total
---------------------------+-------+-------++-------
  Melee: War axe           |    72 |    96 ||   168
    Use: Scroll            |       |     8 ||     8
         Potion            |       |     6 ||     6
 Armour: Scale mail        |    20 |       ||    20
         Chain mail        |    23 |       ||    23
         Plate armour      |     5 |    53 ||    58
  Dodge: Dodged            |    37 |    21 ||    58
  Block: Buckler           |    16 |    18 ||    34
